 Dungeon Crawl Stone Soup version 0.21.1-1-g345015f (webtiles) character file.

658 Mirai the Skirmisher (level 7, -4/56 HPs)
             Began as a Demonspawn Fighter on Apr 7, 2018.
             Killed by nerve-wracking pain
             ... invoked by an orc priest
              (10 damage)
             ... on level 5 of the Dungeon.
             The game lasted 00:08:38 (3894 turns).

Mirai the Skirmisher (Demonspawn Fighter)           Turns: 3894, Time: 00:08:38

Health: -4/56      AC: 15    Str: 24    XL:     7   Next: 29%
Magic:  7/7        EV:  4    Int:  9    God:
Gold:   328        SH: 10    Dex: 12    Spells: 6/6 levels left

rFire    . . .     SeeInvis .   a - +0 war axe
rCold    . . .     Gourm    .   c - +0 shield
rNeg     . . .     Faith    .   y - +0 plate armour
rPois    .         Spirit   .   (helmet restricted)
rElec    .         Reflect  .   (no cloak)
rCorr    .         Harm     .   (no gloves)
MR       .....                  m - +0 pair of boots
Stlth    ..........             (no amulet)
HPRegen  0.18/turn              q - ring of loudness (curse)
MPRegen  0.10/turn              (no ring)

@: mighty, lethally poisoned (-4 -> -5)
A: antennae 1, thin metallic scales 1
a: no special abilities


You were on level 5 of the Dungeon.
You were not hungry.

You visited 1 branch of the dungeon, and saw 5 of its levels.

You collected 328 gold pieces.

Inventory:

Hand Weapons
 a - a +0 war axe (weapon)
 b - a +4 flail
 d - a +1 spear of piercing
 x - a +0 war axe
Missiles
 l - 7 tomahawks (quivered)
Armour
 c - a +0 shield (worn)
 m - a +0 pair of boots (worn)
 y - a +0 plate armour (worn)
Jewellery
 q - a cursed ring of loudness (left hand)
Wands
 n - a wand of clouds (4)
Scrolls
 g - 4 scrolls of amnesia {unknown}
 k - 2 scrolls of teleportation {unknown}
 p - 2 scrolls of remove curse {unknown}
 s - 6 scrolls of identify {unknown}
 t - a scroll of enchant weapon {unknown}
 v - a scroll of immolation {unknown}
 A - a scroll of blinking {unknown}
 C - a scroll of noise {unknown}
 E - a scroll of random uselessness {unknown}
Potions
 e - 3 potions of invisibility {unknown}
 h - 2 potions of brilliance {unknown}
 i - 5 potions of resistance {unknown}
 j - 3 potions of agility {unknown}
 o - a potion of flight {unknown}
 r - 5 potions of curing {unknown}
 u - a potion of haste {unknown}
 w - 2 potions of magic {unknown}
 z - a potion of lignification {unknown}
 B - a potion of might
Comestibles
 f - 10 rations
 D - 4 chunks of flesh


   Skills:
 + Level 5.0 Fighting
 + Level 3.9 Axes
 + Level 4.5 Armour
 + Level 4.5 Shields


You had 6 spell levels left.
You didn't know any spells.

Dungeon Overview and Level Annotations

Branches:
Dungeon (5/15)
 Temple: D:4-7

Altars:
Dithmenos
Qazlal
Ru
The Shining One


Innate Abilities, Weirdness & Mutations

You have a pair of small antennae on your head.
You are partially covered in thin metallic scales. (AC +2)


Message History

Unknown command.
You feel very mighty all of a sudden.
You feel sick.
The orc priest hits you but does no damage.
Your shield and plate armour prevent you from hitting the orc priest.
The orc priest is severely wounded.
The orc priest casts a cantrip, but nothing happens.
Unknown command.
You closely miss the orc priest.
The orc priest is severely wounded.
The orc priest hits you but does no damage.
The orc priest mumbles some strange prayers to Beogh against you.
You struggle to resist.
Unknown command.
Your shield and plate armour prevent you from hitting the orc priest.
The orc priest is severely wounded.
You feel sick.
The orc priest invokes the aid of Beogh against you.
Pain shoots through your body!
You die...

#### ...# ###############
...# ..............# ...#
.......†......# ...#
........@.....# .
...##############o#####..
........#.....#..........
###.....'.....#..........
..#.....#.....'..........
..#.....#.....#..........
..#.....#'#####..........
..#....................##
..#....................#


You could see an orc priest.

Vanquished Creatures
  An ice beast (D:4)
  An ogre (D:4)
  A hound (D:5)
  5 orc wizards
  3 orc priests
  2 worker ants
  5 adders
  2 oozes (D:2)
  2 worms
  3 dart slugs
  A leopard gecko (D:1)
  20 orcs
  2 ball pythons
  4 giant cockroaches
  11 goblins
  7 hobgoblins
  7 jackals
  9 kobolds
  2 quokkas
  6 bats
  4 frilled lizards
  A jackal skeleton (D:5)
  A quokka skeleton (D:5)
  4 rats
104 creatures vanquished.

Notes
Turn   | Place    | Note
-------+----------+-------------------------------------------
     0 | D:1      | Mirai the Demonspawn Fighter began the quest for the Orb.
     0 | D:1      | Reached XP level 1. HP: 18/18 MP: 1/1
   102 | D:1      | Gained mutation: You are partially covered in thin metallic scales. (AC +2) [demonic ancestry]
   102 | D:1      | Reached XP level 2. HP: 20/24 MP: 2/2
   543 | D:1      | Gained mutation: You have a pair of small antennae on your head. [demonic ancestry]
   543 | D:1      | Reached XP level 3. HP: 29/29 MP: 3/3
   833 | D:2      | Found a stormy altar of Qazlal.
  1126 | D:2      | Reached XP level 4. HP: 34/36 MP: 4/4
  1988 | D:3      | Found a faded altar of an unknown god.
  1988 | D:3      | Found a sacrificial altar of Ru.
  1994 | D:3      | Found a faded altar of an unknown god.
  1996 | D:3      | Found a shadowy altar of Dithmenos.
  1998 | D:3      | Found a glowing golden altar of the Shining One.
  2070 | D:4      | Noticed an ice beast
  2087 | D:4      | Killed an ice beast
  2087 | D:4      | Reached skill level 4 in Fighting
  2087 | D:4      | Reached XP level 5. HP: 27/42 MP: 5/5
  2134 | D:4      | Noticed an ogre
  2141 | D:4      | HP: 2/42 [ogre/giant club (16)]
  2142 | D:4      | Killed an ogre
  2142 | D:4      | Reached XP level 6. HP: 3/49 MP: 6/6
  3430 | D:5      | Entered Level 5 of the Dungeon
  3472 | D:5      | Reached XP level 7. HP: 37/55 MP: 7/7
  3865 | D:5      | Reached skill level 5 in Fighting
  3894 | D:5      | Killed from afar by an orc priest

Skill      XL: |  1  2  3  4  5  6  7 |
---------------+----------------------+-----
Axes           | 2 3 |  3.9
Shields        | 3 4 |  4.5
Armour         | 3 4 |  4.5
Fighting       | 4 5 |  5.0

Action                   |  1- 3 |  4- 6 |  7- 9 || total
-------------------------+-------+-------+-------++-------
Melee: War axe           |   122 |   168 |    75 ||   365
  Use: Potion            |       |     1 |     1 ||     2
  Eat: Chunk             |     1 |     8 |     1 ||    10
Armor: Scale mail        |    96 |    23 |       ||   119
       Plate armour      |       |   141 |    70 ||   211
Dodge: Dodged            |    41 |    51 |    12 ||   104
Block: Shield            |    63 |   112 |    44 ||   219
